 Dungeon Crawl Stone Soup version 0.31-a0-263-ge8cad7f256 (webtiles) character file.

Game seed: 6044028445644020527

238 qw the Shooter (level 5, -6/45 HPs)
             Began as a Minotaur Hexslinger on July 13, 2023.
             Mangled by an ogre
             ... wielding a +0 giant club
              (20 damage)
             ... on level 4 of the Dungeon.
             The game lasted 00:00:54 (2535 turns).

qw the Shooter (Minotaur Hexslinger)                Turns: 2535, Time: 00:00:54

Health: -6/45      AC:  5    Str: 12    XL:     5   Next: 78%
Magic:  0/5        EV: 11    Int: 10    God:
Gold:   142        SH:  0    Dex: 15    Spells: 5/6 levels left

rFire   . . .        g - +1 sling (heavy)
rCold   . . .        (no shield)
rNeg    . . .        j - +0 ring mail
rPois   .            (helmet restricted)
rElec   .            (no cloak)
rCorr   .            (no gloves)
SInv    .            (no boots)
Will    .....        d - amulet of guardian spirit
Stlth   +            (no ring)
HPRegen 0.27/turn    (no ring)
MPRegen 0.09/turn

%: guardian spirit
@: no status effects
A: horns 2, retaliatory headbutt
a: no special abilities


You were on level 4 of the Dungeon.
You visited 1 branch of the dungeon, and saw 4 of its levels.

You collected 142 gold pieces.


Innate Abilities, Weirdness & Mutations

You have a pair of horns on your head.
You reflexively headbutt those who attack you in melee.


   Skills:
 - Level 3.4 Fighting
 + Level 5.8 Ranged Weapons
 - Level 1.1 Armour
 - Level 2.1 Dodging
 - Level 1.0 Spellcasting
 - Level 2.0 Hexes


You had 5 spell levels left.
You knew the following spells:

 Your Spells              Type           Power      Damage    Failure   Level
a - Slow                  Hex            16%        N/A       34%         1

Your spell library contained the following spells:

 Spells                   Type           Power      Damage    Failure   Level
 Inner Flame              Hex/Fire       2%         N/A       83%         3
 Portal Projectile        Hex/Tloc       4%         N/A       83%         3
 Cause Fear               Hex            2%         N/A       98%         4

Inventory:

Hand Weapons
 g - a +1 heavy sling (weapon)
Armour
 j - a +0 ring mail (worn)
Jewellery
 d - an amulet of guardian spirit (around neck)
Scrolls
 b - a scroll of identify
Potions
 a - a potion of enlightenment
 c - a potion of might {unknown}
 i - a potion of curing
 k - a potion of mutation {unknown}

Dungeon Overview and Level Annotations

Branches:
Dungeon (4/15)
 Temple: D:4-7

Altars:

Annotations:
D:4 Natasha


Message History

You shoot a sling bullet.
The sling bullet completely misses the kobold.
The kobold closely misses you. The kobold hits you but does no damage.
You shoot a sling bullet. The sling bullet hits the kobold.
You kill the kobold!
You start resting.
HP restored.
Things that are here:
a +0 short sword; a kobold corpse An endoplasm comes into view.
Enter note:
Enter note:
Enter note:
Enter note: You shoot a sling bullet.
The sling bullet hits the endoplasm!
You kill the endoplasm!
An ogre comes into view. It is wielding a +0 giant club.
The ogre shouts!
Enter note:
Enter note:
Enter note:
Enter note:
Enter note:
Enter note: You shoot a sling bullet.
The sling bullet hits the ogre!
The ogre is moderately wounded.
You shoot a sling bullet.
The sling bullet barely misses the ogre.
The ogre hits you with a +0 giant club!
Natasha, Servant of Life and Death comes into view.
You shoot a sling bullet. The sling bullet hits the ogre.
The ogre is heavily wounded.
Natasha mumbles some strange words.
The ogre hits you with a +0 giant club!!
Natasha howls an incantation.
Natasha's front paws start to glow.
You shoot a sling bullet. The sling bullet hits the ogre!
The ogre is severely wounded.
The ogre hits you with a +0 giant club!!
You die...

##....####..................
#..............###..........
#....#...#.......##.%....#...
.....####..#...###...#....#....
..... #..#....###.......#..:.
....# #....#...##............
##.. #....##...##........... #.
##....###..........##...
.......@..###...........
......O#### ##........#.
......h #........##. .##...5
##.###...##.. #..#. #..#
##...... #..### ##.## #.....#
#..###.###.## #.###.. ..
........# ##.# ##. ........##
#.## ##.


You could see an ogre, Natasha and a cerulean imp (summoned).

Vanquished Creatures
  A hound (D:4)
  A jelly (D:4)
  Natasha (D:4)
  2 orc wizards (D:3)
  2 adders
  A white imp (D:3)
  A worm (D:3)
  3 orcs (D:3)
  7 endoplasms
  A giant cockroach (D:2)
  5 goblins
  8 hobgoblins
  4 quokkas
  8 ball pythons
  4 bats
  3 frilled lizards
  9 kobolds
  8 rats
69 creatures vanquished.

Notes
Turn   | Place    | Note
-------+----------+-------------------------------------------
     0 | D:1      | qw the Minotaur Hexslinger began the quest for the Orb.
     0 | D:1      | Reached XP level 1. HP: 16/16 MP: 1/1
     0 | D:1      | 0 ||| qw: Version: 0.3-a-52-g30416fa
     0 | D:1      | 0 ||| qw: Game counter: 7237
     0 | D:1      | 0 ||| qw: Melee chars always use a shield: true
     0 | D:1      | 0 ||| qw: God list: Okawaru
     0 | D:1      | 0 ||| qw: Allow faded altars: false
     0 | D:1      | 0 ||| qw: Do Orc after clearing Dungeon:15 true
     0 | D:1      | 0 ||| qw: Do second Lair branch before Depths: true
     0 | D:1      | 0 ||| qw: Lair rune preference: random
     0 | D:1      | 0 ||| qw: Goals: Normal
     0 | D:1      | 0 ||| PLANNING D:1-11
    66 | D:1      | Found a faded altar of an unknown god.
   200 | D:1      | Reached skill level 3 in Ranged Weapons
   200 | D:1      | Reached XP level 2. HP: 23/23 MP: 2/2
   729 | D:1      | 729 ||| UPGRADING to +0 ring mail.
   739 | D:1      | 739 ||| DROPPING +0 robe.
   740 | D:1      | 740 ||| READING 2 scrolls labelled CEWNAW ISOF.
   741 | D:1      | 741 ||| READING 2 scrolls labelled ZUEGECERIY.
   742 | D:1      | 742 ||| READING scroll labelled GOMIB GUTUYG.
   743 | D:1      | 743 ||| READING scroll labelled KUNAC LAEWOI.
   744 | D:1      | 744 ||| READING scroll labelled GATERA DERHUE.
   745 | D:1      | 745 ||| READING scroll labelled JOSUUM JOUFE.
   746 | D:1      | 746 ||| DROPPING scroll of immolation.
   747 | D:1      | 747 ||| DROPPING scroll of poison.
   748 | D:1      | 748 ||| DROPPING scroll of vulnerability.
   934 | D:2      | Reached XP level 3. HP: 29/29 MP: 3/3
  1344 | D:2      | Reached skill level 4 in Ranged Weapons
  1382 | D:2      | 1382 ||| READING scroll labelled NATOR ZYAXTO.
  1383 | D:2      | 1383 ||| READING 2 scrolls labelled SOSTAO MENAENA.
  1384 | D:2      | 1384 ||| DRINKING 2 metallic coppery potions.
  1385 | D:2      | 1385 ||| DROPPING scroll of noise.
  1476 | D:3      | Reached skill level 1 in Armour
  2041 | D:3      | Reached XP level 4. HP: 36/36 MP: 4/4
  2101 | D:3      | Reached skill level 5 in Ranged Weapons
  2177 | D:3      | 2177 ||| UPGRADING to amulet of guardian spirit.
  2182 | D:3      | 2182 ||| READING 2 scrolls of identify.
  2182 | D:3      | 2182 ||| IDENTIFYING metallic amethyst potion
  2286 | D:4      | Reached XP level 5. HP: 44/44 MP: 5/5
  2318 | D:4      | Noticed Natasha
  2327 | D:4      | Killed Natasha
  2328 | D:4      | Reached skill level 3 in Fighting
  2343 | D:4      | 2343 ||| FLEEEEING.
  2345 | D:4      | 2345 ||| STAIRDANCE
  2531 | D:4      | Noticed an ogre
  2533 | D:4      | Noticed Natasha
  2535 | D:4      | Mangled by an ogre

Levels and vault maps discovered:
D:1:      kennysheep_arrival_seaside, layout_basic,
          dreamdust_ecumenical_altar_grove, minivault_19
D:2:      layout_loops_ring
D:3:      layout_basic, kennysheep_big_empty_room
D:4:      layout_layer_cave, uniq_natasha

Skill      XL: |  1  2  3  4  5 |
---------------+----------------+-----
Ranged Weapons | 3 4 5 |  5.8
Fighting       | 2 3 |  3.4
Armour         | 1 |  1.1
Dodging        | |  2.1
Spellcasting   | |  1.0
Hexes          | |  2.0

Action                     |  1- 3 |  4- 6 || total
---------------------------+-------+-------++-------
   Fire: Sling             |   115 |    55 ||   170
    Use: Scroll            |     8 |     1 ||     9
         Potion            |     1 |       ||     1
 Armour: Robe              |     5 |       ||     5
         Ring mail         |    14 |    11 ||    25
  Dodge: Dodged            |    35 |    21 ||    56

Table legend:
 A = Non-vault XP
 B = Vault XP
 C = Vault XP percentage of total XP
 D = Non-vault monster count
 E = Vault monster count
 F = Vault count percentage of total count
                 A         B        C        D         E       F
            +---------+---------+-------+---------+---------+-------
      Total |     304 |      36 |  10.6 |      68 |       1 |   1.4
            +---------+---------+-------+---------+---------+-------
        D:1 |      24 |       0 |   0.0 |      17 |       0 |   0.0
        D:2 |      37 |       0 |   0.0 |      23 |       0 |   0.0
        D:3 |     132 |       0 |   0.0 |      22 |       0 |   0.0
        D:4 |     111 |      36 |  24.5 |       6 |       1 |  14.3
            +---------+---------+-------+---------+---------+-------
